AoeStats
← sma.amit

Arabia

509292309Analyzed
1v1 RM · 7d ago on Sep 26, 2026· 50m 36s· 2 players
Game mode
Random Map
Map size
Tiny (2 player)
Population
200
Speed
Normal
Resources
Standard
Victory
Conquest
Starting age
Dark Age
Ending age
Imperial Age
RankedLock teamsTeams togetherTeam positionsShared explorationLock speedFull tech treeHidden civsTurbo modeCheats
Victory
Defeat
🇳🇱 Mongols · Netherlands
1085
+17
🇮🇳 Saxons · India
1103
-17
Panterpro
6:15 Loom
8:48 Feudal Age
9:58 Double-Bit Axe
10:13 Horse Collar
20:46 Castle Age
18:54 Fletching
19:27 Gold Mining
22:03 Bodkin Arrow
21:32 Crossbowman
24:12 Bow Saw
24:02 Heavy Plow
25:49 Stone Mining
26:38 Gold Shaft Mining
26:43 Wheelbarrow
25:59 Town Watch
27:12 Ballistics
28:02 Hand Cart
32:45 Padded Archer Armor
35:51 Imperial Age
35:05 Leather Archer Armor
36:35 Bracer
37:39 Chemistry
36:01 Onager
37:04 Conscription
37:03 Siege Engineers
37:36 Elite Mangudai
38:48 Siege Onager
40:06 Drill
42:59 Parthian Tactics
42:40 Thumb Ring
sma.amit
6:35 Loom
8:49 Feudal Age
9:53 Double-Bit Axe
19:38 Castle Age
17:39 Fletching
19:15 Horse Collar
19:27 Gold Mining
20:11 Padded Archer Armor
19:55 Crossbowman
21:13 Bow Saw
21:02 Bodkin Arrow
23:38 Leather Archer Armor
27:27 Wheelbarrow
31:10 Heavy Plow
32:13 Hand Cart
32:49 Town Watch
36:48 Imperial Age
36:18 Ballistics
36:04 Scale Mail Armor
36:31 Pikeman
37:12 Squires
36:57 Gambesons
36:59 Arson
36:55 Elite Varangian Guard
36:57 Arbalester
37:42 Thumb Ring
37:39 Bracer
39:11 Chemistry
39:43 Conscription
40:49 Ring Archer Armor
40:35 Chain Mail Armor
40:31 Forging
41:01 Siege Engineers
46:44 Crop Rotation
46:59 Plate Mail Armor
47:04 Iron Casting
45:51 Shield Wall
45:59 Pikeman
46:46 Halberdier
Connection lost

Rejoining the realm…

Still unreachable

The connection could not be restored.

Session expired

The server has moved on; the page needs a fresh start.